 Dungeon Crawl Stone Soup version 0.21-a0-193-g085b6a0 (webtiles) character file.

72 4thArraOfDagon the Chopper (level 4, -23/57 HPs)
             Began as a Hill Orc Warper on Aug 14, 2017.
             Annihilated by an ogre
             ... wielding a +0 giant spiked club
              (26 damage)
             ... on level 5 of the Dungeon.
             The game lasted 00:04:02 (852 turns).

4thArraOfDagon the Chopper (Hill Orc Warper)         Turns: 852, Time: 00:04:02

Health: -23/57     AC:  6    Str: 18    XL:     4   Next: 26%
Magic:  6/6        EV: 11    Int: 14    God:
Gold:   107        SH:  0    Dex: 10    Spells: 6/6 levels left

rFire    . . .     SeeInvis .   a - +0 hand axe
rCold    . . .     Gourm    .   (no shield)
rNeg     . . .     Faith    .   k - +0 ring mail
rPois    .         Spirit   .   (no helmet)
rElec    .         Reflect  .   (no cloak)
rCorr    +         Harm     .   (no gloves)
MR       .....                  q - +0 pair of boots
Stlth    ..........             (no amulet)
HPRegen  0.19/turn              l - ring of resist corrosion
MPRegen  0.10/turn              (no ring)

@: berserking, very quick
A: no striking features
a: no special abilities


You were on level 5 of the Dungeon.
You were not hungry.

You visited 1 branch of the dungeon, and saw 5 of its levels.

You collected 107 gold pieces.

Inventory:

Hand Weapons
 a - a +0 hand axe (weapon)
Missiles
 e - 5 tomahawks of dispersal (quivered)
Armour
 b - a +0 leather armour
 k - a +0 ring mail (worn)
 q - a +0 pair of boots (worn)
Jewellery
 l - a ring of resist corrosion (left hand)
Scrolls
 d - 2 scrolls of blinking
 g - 3 scrolls of identify
 i - 7 scrolls of fear {unknown}
 j - a scroll of teleportation {unknown}
 m - 2 scrolls of magic mapping {unknown}
 o - a scroll of amnesia {unknown}
Potions
 s - a potion of agility
Books
 c - a book of Spatial Translocations

   Spells                             Type                      Level
   a - Blink                          Translocation                2
   b - Shroud of Golubria             Charms/Translocation         2
   c - Lesser Beckoning               Translocation                3
   d - Gell's Gravitas                Translocation                3
   e - Teleport Other                 Translocation                3
   f - Passage of Golubria            Translocation                4
Comestibles
 f - 2 bread rations
 n - a meat ration
 p - a royal jelly


   Skills:
 + Level 3.1 Fighting
 * Level 4.2 Axes
 - Level 0.8 Throwing
 + Level 2.0 Armour
 + Level 2.2 Dodging
 - Level 1.5 Spellcasting
   Level 2.4 Translocations


You had 6 spell levels left.
You didn't know any spells.

Dungeon Overview and Level Annotations

Branches:
Dungeon (5/15)
 Temple: D:4-7

Altars:
Okawaru
Vehumet

Portals:
Sewer: D:4

Annotations:
D:3 Ijyb, Terence


Message History

Unknown command.
A red film seems to cover your vision as you go berserk!
You feel yourself moving faster!
You feel mighty! The adder bites you but does no damage.
The worker ant bites you.
* * * LOW HITPOINT WARNING * * *
The adder barely misses you.
Unknown command.
You closely miss the ogre. You closely miss the worker ant. You hit the adder.
The worker ant barely misses you. The adder bites you.
* * * LOW HITPOINT WARNING * * *
Unknown command.
Unknown command.
You slash the ogre!
The ogre is moderately wounded.
You hit the adder.
You kill the adder!
You hit the worker ant.
The worker ant bites you but does no damage.
The ogre hits you with a giant spiked club!!
You die...

#######
#......##
........##
.........#
...(.....#
.(....O@a#
.........#
.........#
........##
.........
.........
.........
..........


You could see an ogre and a worker ant.

Vanquished Creatures
  2 adders
  2 river rats (D:4)
  A leopard gecko (D:3)
  3 goblins
  4 hobgoblins
  3 jackals (D:1)
  3 ball pythons (D:4)
  4 bats
  6 frilled lizards
  4 kobolds
  7 rats
39 creatures vanquished.

Notes
Turn   | Place    | Note
-------+----------+-------------------------------------------
     0 | D:1      | 4thArraOfDagon the Hill Orc Warper began the quest for the Orb.
     0 | D:1      | Reached XP level 1. HP: 18/18 MP: 3/3
     0 | D:1      | 1
   194 | D:2      | Reached skill level 3 in Axes
   216 | D:1      | Reached XP level 2. HP: 19/25 MP: 4/4
   480 | D:2      | Found an iron altar of Okawaru.
   481 | D:2      | Found a radiant altar of Vehumet.
   572 | D:3      | Reached XP level 3. HP: 28/30 MP: 5/5
   664 | D:3      | Noticed Terence
   785 | D:3      | Noticed Ijyb
   821 | D:4      | Found a glowing drain.
   831 | D:4      | Reached skill level 4 in Axes
   831 | D:4      | Reached XP level 4. HP: 3/38 MP: 6/6
   848 | D:5      | Entered Level 5 of the Dungeon
   848 | D:5      | Noticed an ogre
   852 | D:5      | Annihilated by an ogre

Vault maps used:
D:1:      matt_arrival_refuge, minmay_misc_feat_encased, st_stairs_6
D:2:      gammafunk_temple_overflow_statue, first_bread
D:3:      cheibrodos_old_hovel, st_stairs_6, uniq_terence, uniq_ijyb
D:4:      grunt_temple_overflow_opulence, overflow_temple_1_default,
          minmay_temple_entry_butterflies, portal_sewer_entry_a,
          nemelex_spade_bored_becter, uniq_menkaure, uniq_grinder, uniq_sigmund
D:5:      nicolae_overflow_crystal_walls, makhleb_altar_promises_db

Skill      XL: |  1  2  3 |
---------------+----------+-----
Axes           | 3 4 |  4.2
Dodging        | 2 |  2.2
Fighting       | 3 |  3.1
Armour         | 2 |  2.0
Throwing       | |  0.8
Spellcasting   | |  1.5
Translocations | |  2.4

Action                   |  1- 3 |  4- 6 || total
-------------------------+-------+-------++-------
Melee: Hand axe          |   118 |     3 ||   121
  Use: Scroll            |     2 |       ||     2
       Potion            |     1 |     1 ||     2
Armor: Ring mail         |    48 |     3 ||    51
       Leather armour    |     4 |       ||     4
Dodge: Dodged            |    74 |     4 ||    78
